Map: [ESL] Tropical Sacrifice

Players

夜蝶蝶蝶蝶蝶蝶蝶 (Firefly) - Winner!

  • Race: Protoss Protoss

Cyan

  • Race: Protoss Protoss

Event: DreamHack SC2 Masters 2022 Atlanta (Online)

VOD

Have the link to the VOD?

Description

Time

  • Played on: Oct. 6, 2022, 9:01 a.m.
  • Length: 9:36

All games in this series

Show
View Real Time Build Order
Export as new Build Order

夜蝶蝶蝶蝶蝶蝶蝶 Protoss - Winner!

Build Orders:  

Get SALT Encoding   

  12  0:00  Probe  
  13  0:12  Probe  
  14  0:20  Pylon  
  14  0:24  Probe  
  15  0:38  Probe (Chrono Boost)  
  15  0:39  Gateway  
  16  0:49  Probe (Chrono Boost), Assimilator  
  17  0:54  Probe (Chrono Boost)  
  18  1:04  Probe  
  19  1:17  Probe  
  20  1:20  Pylon  
  20  1:27  Zealot, Cybernetics Core  
  20  1:29  Pylon  
  20  1:31  Probe  
  23  1:47  Probe  
  23  1:51  Pylon  
  24  1:59  Probe  
  24  2:00  Assimilator  
  25  2:01  Stalker (Chrono Boost)  
  25  2:06  Warp Gate  
  27  2:15  Pylon  
  27  2:18  Probe  
  28  2:24  Stalker, Pylon  
  30  2:44  Nexus  
  29  2:54  Sentry  
  29  2:55  Probe  
  32  3:00  Gateway  
  32  3:10  Robotics Facility  
  32  3:14  Probe  
  33  3:24  Shield Battery  
  33  3:25  Sentry  
  35  3:38  Pylon  
  35  3:43  Probe  
  36  3:53  Shield Battery  
  36  3:56  Sentry  
  36  3:57  Immortal (Chrono Boost)  
  42  4:09  Stalker  
  45  4:17  Phoenix  
  45  4:18  Pylon  
  45  4:22  Pylon  
  44  4:25  Probe  
  44  4:28  Stalker  
  42  4:35  Probe  
  42  4:41  Probe  
  43  4:51  Stalker  
  43  4:52  Stalker  
  47  4:55  Shield Battery  
  47  4:58  Probe (Chrono Boost)  
  47  4:59  Observer  
  49  5:02  Probe (Chrono Boost)  
  50  5:11  Probe (Chrono Boost)  
  52  5:15  Probe (Chrono Boost)  
  52  5:18  Adept  
  52  5:19  Adept  
  52  5:20  Probe (Chrono Boost)  
  57  5:21  Probe (Chrono Boost)  
  57  5:25  Probe  
  59  5:30  Probe  
  58  5:37  Probe  
  58  5:42  Probe  
  60  5:45  Gateway  
  60  5:46  Stalker  
  60  5:49  Probe  
  61  5:54  Probe  
  54  5:58  Stalker  
  54  6:01  Probe  
  52  6:06  Probe  
  49  6:11  Immortal (Chrono Boost)  
  49  6:13  Probe  
  49  6:18  Twilight Council  
  52  6:24  Pylon  
  48  6:25  Adept  
  48  6:26  Adept  
  48  6:27  Probe  
  48  6:28  Probe  
  48  6:32  Assimilator  
  54  6:39  Probe  
  55  6:41  Immortal (Chrono Boost)  
  59  6:52  Gateway  
  59  6:55  Stalker x2  
  63  7:05  Gateway, Blink (Chrono Boost)  
  63  7:06  Gateway  
  61  7:13  Warp Prism  
  61  7:15  Probe x2, Assimilator  
  63  7:28  Pylon  
  63  7:31  Stalker  
  63  7:32  Stalker  
  67  7:45  Gateway  
  67  7:47  Gateway  
  67  7:48  Stalker  
  69  7:56  Stalker  
  69  7:57  Stalker  
  73  7:59  Stalker  
  73  8:05  Stalker  
  77  8:18  Stalker  
  79  8:29  Nexus  
  79  8:47  Stalker x2, Pylon  
  79  8:48  Stalker x3  
  89  8:53  Stalker  
  91  8:56  Observer (Chrono Boost)  
  92  9:09  Observer  
  90  9:14  Stalker x2  
  90  9:15  Stalker x2  
  90  9:16  Stalker  
Show
View Real Time Build Order
Export as new Build Order

Cyan Protoss 

Build Orders:  

Get SALT Encoding   

  12  0:00  Probe  
  13  0:12  Probe  
  14  0:18  Pylon  
  14  0:24  Probe  
  15  0:36  Probe (Chrono Boost)  
  15  0:40  Gateway  
  16  0:45  Probe (Chrono Boost)  
  16  0:48  Assimilator  
  17  0:51  Probe (Chrono Boost)  
  18  1:03  Probe  
  19  1:10  Assimilator  
  19  1:12  Pylon  
  19  1:15  Probe  
  20  1:27  Cybernetics Core, Probe  
  20  1:31  Pylon  
  21  1:39  Probe (Chrono Boost)  
  22  1:42  Zealot  
  24  1:51  Probe (Chrono Boost)  
  25  1:55  Pylon  
  25  1:56  Probe (Chrono Boost)  
  26  2:01  Warp Gate (Chrono Boost)  
  26  2:05  Probe  
  27  2:08  Pylon  
  27  2:09  Stalker  
  29  2:17  Pylon  
  29  2:29  Probe  
  30  2:39  Stalker  
  32  2:46  Nexus  
  32  2:53  Probe  
  32  3:01  Gateway  
  32  3:05  Probe  
  33  3:11  Stalker  
  35  3:15  Pylon  
  35  3:22  Probe  
  36  3:29  Twilight Council  
  37  3:34  Probe  
  37  3:46  Probe  
  38  3:55  Adept x2  
  40  3:58  Probe x2 (Chrono Boost)  
  44  4:06  Blink (Chrono Boost)  
  44  4:08  Probe x2 (Chrono Boost)  
  46  4:13  Probe x2 (Chrono Boost)  
  48  4:18  Stalker  
  48  4:23  Zealot  
  51  4:24  Probe  
  51  4:25  Probe  
  51  4:36  Probe  
  50  4:39  Gateway  
  50  4:40  Gateway  
  50  4:41  Probe  
  50  4:44  Adept  
  53  4:49  Probe  
  54  4:53  Probe  
  54  4:57  Stalker  
  57  5:01  Probe  
  57  5:02  Pylon  
  57  5:06  Pylon  
  58  5:08  Shield Battery  
  58  5:09  Adept  
  58  5:10  Probe  
  58  5:14  Shield Battery  
  59  5:20  Stalker  
  59  5:24  Shield Battery  
  59  5:32  Stalker  
  59  5:33  Stalker  
  55  5:39  Stalker  
  54  5:44  Stalker  
  47  5:51  Probe x2  
  42  6:01  Adept  
  42  6:03  Probe x2  
  40  6:07  Adept  
  36  6:15  Probe x2 (Chrono Boost)  
  36  6:27  Probe x2 (Chrono Boost)  
  36  6:29  Stalker  
  36  6:32  Probe x2 (Chrono Boost)  
  38  6:37  Stalker  
  42  6:41  Probe (Chrono Boost)  
  44  6:51  Probe (Chrono Boost)  
  44  6:52  Stalker  
  44  6:53  Probe (Chrono Boost)  
  47  6:58  Probe (Chrono Boost)  
  47  6:59  Probe (Chrono Boost)  
  45  7:10  Probe (Chrono Boost)  
  45  7:11  Stalker  
  45  7:13  Probe (Chrono Boost)  
  48  7:16  Stalker  
  48  7:19  Probe (Chrono Boost)  
  48  7:22  Probe (Chrono Boost)  
  52  7:24  Probe (Chrono Boost)  
  52  7:28  Charge (Chrono Boost)  
  53  7:32  Robotics Facility  
  53  7:36  Probe x2 (Chrono Boost)  
  55  7:45  Probe (Chrono Boost)  
  55  7:47  Probe (Chrono Boost)  
  55  7:50  Probe (Chrono Boost)  
  57  7:56  Probe  
  57  7:58  Gateway  
  59  7:59  Sentry x2  
  59  8:01  Gateway  
  59  8:02  Probe  
  64  8:11  Gateway  
  64  8:13  Gateway, Probe  
  64  8:16  Phoenix  
  65  8:21  Observer  
  64  8:30  Zealot  
  64  8:31  Zealot x3  
  72  8:34  Pylon  
  72  8:35  Pylon  
  72  8:48  Nexus  
  70  8:56  Zealot x2  
  70  9:01  Zealot  
  76  9:05  Zealot x2  
  70  9:14  Zealot  
  70  9:15  Zealot x2  
  64  9:18  Zealot  
  52  9:29  Zealot  
  52  9:30  Zealot x2  
Tags
 
Add a new tag
Caveats
  • Supply blocks, unpowered buildings, or Contaminate may cause inaccurate times.
  • Supply counts are checked every 10 seconds.